Bears vs Punishers
Created - February 6, 2023 at 19:03
Goals
|
Bears |
0 |
1 |
0 |
1 |
Punishers |
5 |
0 |
2 |
7 |
|
Shots
|
Bears |
10 |
20 |
9 |
39 |
Punishers |
13 |
8 |
12 |
33 |
|
1st period
1. Punishers , Corey Tropp 21 (Phillip Danault 17, Daniel Altshuller) at 4:36
2. Punishers , Phillip Danault 10 (Radek Faksa 32, Corey Tropp 28) at 7:08
3. Punishers , Carter Ashton 13 (Kevin Roy 8) at 7:15
4. Punishers , Carter Ashton 14 (Anton Blidh 9, Noah Juulsen 13) at 8:50
5. Punishers , Radek Faksa 21 (Phillip Danault 18) at 11:54
Penalties :
Max Friberg (Her) for Holding (Minor) at 0:22
2nd period
6. Bears , Austin Wuthrich 11 (Mike Hoffman 15, Angelo Esposito 12) at 9:45
Penalties :
Phillip Danault (Pro) for Unsportsmanlike conduct (Minor) at 0:13, Derek Forbort (Her) for Hooking (Minor) at 3:28, Austen Brassard (Pro) for Delaying the game (Minor) at 7:34, Zach Stepan (Her) for Hooking (Minor) at 16:40
3rd period
7. Punishers , Phillip Danault 11 (Corey Tropp 29, Artem Zub 4) at 0:12
8. Punishers , Tanner Jeannot 3 (Kole Lind 7, Fredrik Claesson 15) at 15:56
Penalties :
Anton Blidh (Pro) for Tripping (Minor) at 1:39, Radek Faksa (Pro) for Hooking (Minor) at 12:59
Goalie Stats
Jake Allen (Her), 24 saves from 27 shots - (0.889), 51:10 minutes
Sami Aittokallio (Her), 2 saves from 6 shots - (0.333), L, 4-6-2, 8:50 minutes
Daniel Altshuller (Pro), 38 saves from 39 shots - (0.974), W, 4-7-1, 60:00 minutes
Players Stats for Bears
Player Name G A P +/- PIM S H SB GA TA FO MP PP MP PK MP
------------------------------------------------------------------------------------
A.J. Jenks 0 0 0 -2 0 2 3 2 0 0 0/0 16:48 3:48 1:05
Angelo Esposito 0 1 1 -1 0 1 1 0 0 0 4/9 13:02 0:00 1:51
Austin Wuthrich 1 0 1 0 0 2 0 1 1 0 0/0 8:44 0:00 0:00
Derek Forbort 0 0 0 -1 2 4 3 3 0 0 0/0 26:27 4:06 2:07
Gianluca Curcuruto 0 0 0 -2 0 1 0 0 0 1 0/0 12:21 0:00 1:09
Jamie McGinn 0 0 0 -1 0 3 0 1 0 0 1/1 11:04 0:00 0:00
Joey Laleggia 0 0 0 -1 0 1 0 2 0 1 0/0 27:03 4:06 3:08
Joshua Leivo 0 0 0 -2 0 1 4 0 0 0 0/2 17:41 3:48 1:54
Kerby Rychel 0 0 0 -3 0 2 2 2 1 0 0/1 20:19 4:08 1:54
Max Friberg 0 0 0 -3 2 8 2 0 0 0 2/4 20:27 4:08 2:00
Michael Prapavessis 0 0 0 -2 0 1 0 0 0 1 0/0 11:40 0:00 0:28
Mike Hoffman 0 1 1 0 0 1 1 0 0 0 0/0 8:44 0:00 0:00
Mikko Vainonen 0 0 0 -3 0 4 1 0 0 0 0/0 21:27 3:50 2:31
Nicolas Aube-Kubel 0 0 0 -1 0 4 1 0 1 0 0/0 11:04 0:00 0:00
Sam Carrick 0 0 0 -3 0 1 0 0 2 0 15/33 21:00 4:08 2:58
Tommy Vannelli 0 0 0 -3 0 1 0 0 0 1 0/0 21:27 3:50 2:31
Vincent Dunn 0 0 0 0 0 0 0 0 1 0 1/4 8:56 0:00 0:12
Zach Stepan 0 0 0 -2 2 2 2 1 1 0 2/8 15:46 3:48 0:00
Players Stats for Punishers
Player Name G A P +/- PIM S H SB GA TA FO MP PP MP PK MP
------------------------------------------------------------------------------------
Alexander Nylander 0 0 0 0 0 0 0 0 0 0 0/0 2:24 0:00 2:18
Anton Blidh 0 1 1 2 2 2 0 1 0 0 0/1 17:58 2:50 1:46
Artem Zub 0 1 1 4 0 2 3 0 0 1 0/0 28:18 3:31 4:20
Austen Brassard 0 0 0 -1 2 1 1 1 0 0 0/0 9:37 0:19 0:00
Beck Malenstyn 0 0 0 0 0 0 0 0 0 0 0/0 0:00 0:00 0:00
Ben Meyers 0 0 0 0 0 0 0 0 0 0 0/0 0:00 0:00 0:00
Brayden Pachal 0 0 0 -1 0 0 0 0 0 0 0/0 11:00 0:15 0:02
Carson Meyer 0 0 0 1 0 0 0 0 0 0 2/3 2:55 0:26 0:00
Carter Ashton 2 0 2 1 0 6 1 1 0 2 0/0 17:27 2:45 1:33
Corey Tropp 1 2 3 3 0 7 0 1 2 0 4/5 23:34 2:49 4:17
Daniel Audette 0 0 0 0 0 1 0 1 0 0 1/3 9:52 0:00 0:45
Fredrik Claesson 0 1 1 2 0 0 1 3 0 1 0/0 20:56 2:11 3:36
John Hayden 0 0 0 1 0 1 0 0 0 0 0/3 14:52 0:00 0:00
Kevin Roy 0 1 1 2 0 2 1 0 0 1 14/21 15:42 2:45 0:00
Kole Lind 0 1 1 2 0 0 0 0 0 0 0/0 7:17 0:00 0:00
Nicolas Roy 0 0 0 0 0 0 0 0 0 0 0/0 0:23 0:23 0:00
Niko Mikkola 0 0 0 3 0 0 1 0 0 0 0/0 20:42 2:11 3:34
Noah Juulsen 0 1 1 4 0 2 2 2 1 1 0/0 28:18 3:31 4:20
Oskar Lindblom 0 0 0 0 0 2 0 0 0 0 0/0 10:41 0:10 1:08
Phillip Danault 2 2 4 2 2 3 4 0 0 1 1/1 20:20 2:50 0:54
Radek Faksa 1 1 2 3 2 3 3 0 1 0 15/25 22:27 2:49 3:11
Tanner Jeannot 1 0 1 2 0 1 1 0 0 0 0/0 7:17 0:00 0:00
3 Stars
1 - Phillip Danault (Pro)
2 - Daniel Altshuller (Pro)
3 - Corey Tropp (Pro)
Power Play
Bears - 0 on 4 Attempt(s) - 0.00%
Punishers - 0 on 3 Attempt(s) - 0.00%
Penalty Kill
Bears - 3 on 3 Attempt(s) - 100.00%
- Score 0 goal in Penalty Kill
Punishers - 4 on 4 Attempt(s) - 100.00%
- Score 0 goal in Penalty Kill
Team Stat
Bears - Hits : 20 - Faceoff Wins : 25 - Blocked Shots : 12 - Penalty Minutes : 6
Punishers - Hits : 18 - Faceoff Wins : 37 - Blocked Shots : 10 - Penalty Minutes : 8
Official
Referees : Beaudry Halkidis and Chris Schlenker
Linesman : Ryan Daisy and Trent Knorr
Game Notes
Jake Allen enters game at 8:50 of 1st period
Finance
Level 1 -- Attendance: 1340 (67.00%) -- Ticket Income $53,600
Level 2 -- Attendance: 551 (55.10%) -- Ticket Income $11,020
Total Attendance: 1891 (63.03%)
Total Ticket Income: $64,620
Other Income: $3,231
Total Income: $67,851
Bears
5 vs 5 Forward
Center Left Wing Right Wing Time % Phy DF OF
1 Sam Carrick Kerby Rychel Max Friberg 40 0 0 5
2 Zach Stepan A.J. Jenks Joshua Leivo 30 0 0 5
3 Angelo Esposito Jamie McGinn Nicolas Aube-Kubel 20 0 1 4
4 Vincent Dunn Mike Hoffman Austin Wuthrich 10 0 2 3
5 vs 5 Defense
Defense Defense Time % Phy DF OF
1 Joey Laleggia Derek Forbort 40 0 2 3
2 Mikko Vainonen Tommy Vannelli 30 0 3 2
3 Gianluca Curcuruto Michael Prapavessis 20 0 4 1
4 Joey Laleggia Derek Forbort 10 0 3 2
PowerPlay Forward
Center Left Wing Right Wing Time % Phy DF OF
1 Sam Carrick Kerby Rychel Max Friberg 60 0 0 5
2 Zach Stepan A.J. Jenks Joshua Leivo 40 0 0 5
PowerPlay Defense
Defense Defense Time % Phy DF OF
1 Joey Laleggia Derek Forbort 60 0 1 4
2 Mikko Vainonen Tommy Vannelli 40 0 2 3
Penalty Kill 4 Players Forward
Center Wing Time % Phy DF OF
1 Max Friberg Sam Carrick 60 0 3 2
2 Joshua Leivo Kerby Rychel 40 0 4 1
Penalty Kill 4 Players Defense
Defense Defense Time % Phy DF OF
1 Joey Laleggia Derek Forbort 60 0 4 1
2 Mikko Vainonen Tommy Vannelli 40 0 5 0
Penalty Kill - 3 Players Forward
Forward Time % Phy DF OF
1 Max Friberg 60 0 5 0
2 Sam Carrick 40 0 5 0
Penalty Kill - 3 Players Defense
Defense Defense Time % Phy DF OF
1 Joey Laleggia Derek Forbort 60 0 5 0
2 Mikko Vainonen Tommy Vannelli 40 0 5 0
4 vs 4 Forward
Center Wing Time % Phy DF OF
1 Max Friberg Sam Carrick 60 0 0 5
2 Joshua Leivo Kerby Rychel 40 0 0 5
4 vs 4 Defense
Defense Defense Time % Phy DF OF
1 Joey Laleggia Derek Forbort 60 0 2 3
2 Mikko Vainonen Tommy Vannelli 40 0 3 2
Last Minutes Offensive
Center Left Wing Right Wing Defense Defense
Sam Carrick Kerby Rychel Max Friberg Joey Laleggia Derek Forbort
Last Minutes Defensive
Center Left Wing Right Wing Defense Defense
Sam Carrick Kerby Rychel Max Friberg Joey Laleggia Derek Forbort
Goaltenders
Starting : Sami Aittokallio
Backup : Jake Allen
Extra Forwards
Normal : Max Friberg, Nicolas Aube-Kubel, Sam Carrick - PP : Max Friberg, Nicolas Aube-Kubel - PK : Max Friberg
Extra Defensemen
Normal : Joey Laleggia, Derek Forbort, Mikko Vainonen - PP : Tommy Vannelli - PK : Gianluca Curcuruto, Michael Prapavessis
Penalty Shots
Joshua Leivo, Nicolas Aube-Kubel, A.J. Jenks, Max Friberg, Kerby Rychel
Scratches
Brett Bulmer (Healthy), Colby Cave (Healthy), Emil Johansson (Healthy), Jesper Pettersson (Healthy), David Farrance (Healthy)
Mackenze Stewart (Healthy), Zack Hayes (Healthy), Jacob Bryson (Healthy), Mario Ferraro (Healthy), Will Reilly (Healthy)
Kristians Rubins (Healthy), Nikolay Prokhorkin (Healthy), Ryan Graves (Healthy), Isaac Ratcliffe (Healthy), Cole Smith (Healthy)
Warren Foegele (Healthy), Logan O'Connor (Healthy), Nicholas Caamano (Healthy), Jakob Stenqvist (Healthy), Arvid Henrikson (Healthy)
Kirill Maksimov (Healthy)
Punishers
5 vs 5 Forward
Center Left Wing Right Wing Time % Phy DF OF
1 Radek Faksa Phillip Danault Corey Tropp 40 1 2 2
2 Kevin Roy Anton Blidh Carter Ashton 30 1 2 2
3 Daniel Audette Oskar Lindblom Austen Brassard 20 1 2 2
4 John Hayden Tanner Jeannot Kole Lind 10 1 2 2
5 vs 5 Defense
Defense Defense Time % Phy DF OF
1 Artem Zub Noah Juulsen 40 1 2 2
2 Fredrik Claesson Niko Mikkola 30 1 2 2
3 Brayden Pachal John Hayden 20 1 2 2
4 Artem Zub Noah Juulsen 10 1 2 2
PowerPlay Forward
Center Left Wing Right Wing Time % Phy DF OF
1 Radek Faksa Phillip Danault Corey Tropp 60 1 2 2
2 Kevin Roy Anton Blidh Carter Ashton 40 1 2 2
PowerPlay Defense
Defense Defense Time % Phy DF OF
1 Artem Zub Noah Juulsen 60 1 2 2
2 Fredrik Claesson Niko Mikkola 40 1 2 2
Penalty Kill 4 Players Forward
Center Wing Time % Phy DF OF
1 Corey Tropp Radek Faksa 60 1 2 2
2 Carter Ashton Phillip Danault 40 1 2 2
Penalty Kill 4 Players Defense
Defense Defense Time % Phy DF OF
1 Artem Zub Noah Juulsen 60 1 2 2
2 Fredrik Claesson Niko Mikkola 40 1 2 2
Penalty Kill - 3 Players Forward
Forward Time % Phy DF OF
1 Corey Tropp 60 1 2 2
2 Radek Faksa 40 1 2 2
Penalty Kill - 3 Players Defense
Defense Defense Time % Phy DF OF
1 Artem Zub Noah Juulsen 60 1 2 2
2 Fredrik Claesson Niko Mikkola 40 1 2 2
4 vs 4 Forward
Center Wing Time % Phy DF OF
1 Corey Tropp Radek Faksa 60 1 2 2
2 Carter Ashton Phillip Danault 40 1 2 2
4 vs 4 Defense
Defense Defense Time % Phy DF OF
1 Artem Zub Noah Juulsen 60 1 2 2
2 Fredrik Claesson Niko Mikkola 40 1 2 2
Last Minutes Offensive
Center Left Wing Right Wing Defense Defense
Radek Faksa Phillip Danault Corey Tropp Artem Zub Noah Juulsen
Last Minutes Defensive
Center Left Wing Right Wing Defense Defense
Radek Faksa Phillip Danault Corey Tropp Artem Zub Noah Juulsen
Goaltenders
Starting : Daniel Altshuller
Backup : Louis Domingue
Extra Forwards
Normal : Carson Meyer, Nicolas Roy, Alexander Nylander - PP : Carson Meyer, Nicolas Roy - PK : Alexander Nylander
Extra Defensemen
Normal : Brayden Pachal, Fredrik Claesson, Niko Mikkola - PP : Brayden Pachal - PK : Fredrik Claesson, Niko Mikkola
Penalty Shots
Corey Tropp, Radek Faksa, Carter Ashton, Phillip Danault, Anton Blidh
Scratches
Ben Betker (Broken Bone (Right Arm) Injury), Connor Clifton (Back Injury), John Quenneville (Dislocated Patella Injury)
% Time on Ice - Bears
Lines # - Real PCT - Wanted PCT - Time Play
Normal Forward
1 - 31% - 40% - 14:20
2 - 26% - 30% - 11:59
3 - 24% - 20% - 11:04
4 - 19% - 10% - 8:44
Normal Defense
1 - 41% - 40% - 19:00
2 - 33% - 30% - 15:06
3 - 23% - 20% - 10:46
4 - 3% - 10% - 1:15
PP Forward
1 - 52% - 60% - 4:08
2 - 48% - 40% - 3:48
PP Defense
1 - 52% - 60% - 4:06
2 - 48% - 40% - 3:50
PK Forward
1 - 68% - 60% - 4:03
2 - 32% - 40% - 1:54
PK Defense
1 - 58% - 60% - 3:26
2 - 42% - 40% - 2:31
PK3 Forward
1 - 0% - 60%
2 - 0% - 40%
PK3 Defense
1 - 0% - 60%
2 - 0% - 40%
44 Forward
1 - 0% - 60%
2 - 0% - 40%
44 Defense
1 - 0% - 60%
2 - 0% - 40%
Last Minute Offensive - 0:00
Last Minute Defensive - 0:00
Total
Forward - 60:00
Defense - 60:00
|
% Time on Ice - Punishers
Lines # - Real PCT - Wanted PCT - Time Play
Normal Forward
1 - 36% - 40% - 16:34
2 - 29% - 30% - 13:09
3 - 20% - 20% - 9:07
4 - 16% - 10% - 7:17
Normal Defense
1 - 43% - 40% - 19:57
2 - 32% - 30% - 14:57
3 - 22% - 20% - 10:04
4 - 2% - 10% - 1:09
PP Forward
1 - 54% - 60% - 3:12
2 - 46% - 40% - 2:45
PP Defense
1 - 63% - 60% - 3:46
2 - 37% - 40% - 2:11
PK Forward
1 - 80% - 60% - 6:23
2 - 20% - 40% - 1:33
PK Defense
1 - 55% - 60% - 4:22
2 - 45% - 40% - 3:34
PK3 Forward
1 - 0% - 60%
2 - 0% - 40%
PK3 Defense
1 - 0% - 60%
2 - 0% - 40%
44 Forward
1 - 0% - 60%
2 - 0% - 40%
44 Defense
1 - 0% - 60%
2 - 0% - 40%
Last Minute Offensive - 0:00
Last Minute Defensive - 0:00
Total
Forward - 60:00
Defense - 60:00
|
Play-by-Play
1st period
0:01 of 1st period - Radek Faksa wins face-off versus Sam Carrick in neutral zone.
0:06 of 1st period - Wrist shot by Radek Faksa.
0:06 of 1st period - Stopped by Sami Aittokallio with a rebound.
0:22 of 1st period - Minor Penalty to Max Friberg for Holding.
0:23 of 1st period - Radek Faksa wins face-off versus Angelo Esposito in Bears zone.
0:24 of 1st period - Snap shot by Corey Tropp.
0:24 of 1st period - Deflect By Radek Faksa.
0:24 of 1st period - Shot Blocked by Derek Forbort.
0:24 of 1st period - Puck is out of play.
0:25 of 1st period - Angelo Esposito wins face-off versus Radek Faksa in Bears zone.
1:19 of 1st period - Niko Mikkola is hit by Mikko Vainonen and loses puck.
2:22 of 1st period - Penalty to Max Friberg is over, Max Friberg is back on ice.
2:24 of 1st period - Artem Zub is hit by Derek Forbort.
3:03 of 1st period - Wrist shot by Kole Lind.
3:03 of 1st period - Shot Blocked by A.J. Jenks.
3:45 of 1st period - Fredrik Claesson is hit by A.J. Jenks and loses puck.
4:07 of 1st period - Niko Mikkola is hit by Kerby Rychel and loses puck.
4:36 of 1st period - Wrist shot by Corey Tropp.
4:36 of 1st period - Goal by Corey Tropp - Bears : 0 - Punishers : 1.
4:37 of 1st period - Sam Carrick wins face-off versus Kevin Roy in neutral zone.
4:42 of 1st period - Snap shot by Max Friberg.
4:42 of 1st period - Stopped by Daniel Altshuller with a rebound.
4:44 of 1st period - Slapshot by Mikko Vainonen.
4:44 of 1st period - Stopped by Daniel Altshuller with a rebound.
5:08 of 1st period - Noah Juulsen is hit by Joshua Leivo and loses puck.
5:19 of 1st period - Backhand shot by Nicolas Aube-Kubel.
5:19 of 1st period - Stopped by Daniel Altshuller without a rebound.
5:20 of 1st period - Phillip Danault wins face-off versus Angelo Esposito in Punishers zone.
5:27 of 1st period - Derek Forbort is hit by Phillip Danault.
5:43 of 1st period - Brayden Pachal is hit by Nicolas Aube-Kubel and loses puck.
6:00 of 1st period - Wrist shot by Corey Tropp.
6:00 of 1st period - Shot Misses the Net.
6:50 of 1st period - Wrist shot by Radek Faksa.
6:50 of 1st period - Shot Blocked by Jamie McGinn.
6:52 of 1st period - Slapshot by Phillip Danault.
6:52 of 1st period - Shot Misses the Net.
7:02 of 1st period - Wrist shot by Radek Faksa.
7:02 of 1st period - Stopped by Sami Aittokallio with a rebound.
7:04 of 1st period - Snap shot by Corey Tropp.
7:04 of 1st period - Shot Misses the Net.
7:06 of 1st period - Wrist shot by Radek Faksa.
7:06 of 1st period - Shot Misses the Net.
7:08 of 1st period - Snap shot by Phillip Danault.
7:08 of 1st period - Goal by Phillip Danault - Bears : 0 - Punishers : 2.
7:09 of 1st period - Sam Carrick wins face-off versus Kevin Roy in neutral zone.
7:11 of 1st period - Off-side.
7:12 of 1st period - Kevin Roy wins face-off versus Kerby Rychel in neutral zone.
7:15 of 1st period - Wrist shot by Carter Ashton.
7:15 of 1st period - Goal by Carter Ashton - Bears : 0 - Punishers : 3.
7:16 of 1st period - Sam Carrick wins face-off versus Kevin Roy in neutral zone.
8:14 of 1st period - Snap shot by John Hayden.
8:14 of 1st period - Shot Blocked by Joey Laleggia.
8:26 of 1st period - Snap shot by Kerby Rychel.
8:26 of 1st period - Shot Blocked by Corey Tropp.
8:48 of 1st period - Slapshot by Anton Blidh.
8:48 of 1st period - Shot Misses the Net.
8:50 of 1st period - Wrist shot by Carter Ashton.
8:50 of 1st period - Goal by Carter Ashton - Bears : 0 - Punishers : 4.
8:50 of 1st period - Jake Allen enters game.
8:51 of 1st period - Zach Stepan wins face-off versus Anton Blidh in neutral zone.
8:53 of 1st period - Off-side.
8:54 of 1st period - Kevin Roy wins face-off versus Zach Stepan in neutral zone.
9:05 of 1st period - Wrist shot by Anton Blidh.
9:05 of 1st period - Deflect By Kevin Roy.
9:05 of 1st period - Stopped by Jake Allen with a rebound.
9:07 of 1st period - Wrist shot by Anton Blidh.
9:07 of 1st period - Stopped by Jake Allen without a rebound.
9:08 of 1st period - Kevin Roy wins face-off versus Sam Carrick in Bears zone.
9:09 of 1st period - Snap shot by Carter Ashton.
9:09 of 1st period - Stopped by Jake Allen without a rebound.
9:10 of 1st period - Sam Carrick wins face-off versus Kevin Roy in Bears zone.
9:39 of 1st period - Wrist shot by Zach Stepan.
9:39 of 1st period - Stopped by Daniel Altshuller without a rebound.
9:40 of 1st period - Radek Faksa wins face-off versus Zach Stepan in Punishers zone.
10:03 of 1st period - Anton Blidh is hit by A.J. Jenks and loses puck.
10:28 of 1st period - Snap shot by Max Friberg.
10:28 of 1st period - Stopped by Daniel Altshuller without a rebound.
10:29 of 1st period - Sam Carrick wins face-off versus Radek Faksa in Punishers zone.
11:04 of 1st period - Off-side.
11:05 of 1st period - Zach Stepan wins face-off versus Daniel Audette in neutral zone.
11:13 of 1st period - Off-side.
11:14 of 1st period - Daniel Audette wins face-off versus Joshua Leivo in neutral zone.
11:21 of 1st period - Snap shot by Austen Brassard.
11:21 of 1st period - Deflect By Joey Laleggia.
11:21 of 1st period - Shot Misses the Net.
11:21 of 1st period - Puck is out of play.
11:22 of 1st period - Kevin Roy wins face-off versus Sam Carrick in Bears zone.
11:25 of 1st period - Snap shot by Anton Blidh.
11:25 of 1st period - Shot Blocked by Joey Laleggia.
11:37 of 1st period - Wrist shot by Joey Laleggia.
11:37 of 1st period - Deflect By Max Friberg.
11:37 of 1st period - Stopped by Daniel Altshuller with a rebound.
11:47 of 1st period - Joey Laleggia is hit by Artem Zub and loses puck.
11:54 of 1st period - Snap shot by Radek Faksa.
11:54 of 1st period - Goal by Radek Faksa - Bears : 0 - Punishers : 5.
11:55 of 1st period - Radek Faksa wins face-off versus Sam Carrick in neutral zone.
11:58 of 1st period - Backhand shot by Corey Tropp.
11:58 of 1st period - Stopped by Jake Allen with a rebound.
12:00 of 1st period - Wrist shot by Corey Tropp.
12:00 of 1st period - Shot Misses the Net.
12:02 of 1st period - Snap shot by Phillip Danault.
12:02 of 1st period - Shot Blocked by Kerby Rychel.
12:39 of 1st period - Slapshot by Joey Laleggia.
12:39 of 1st period - Deflect By Anton Blidh.
12:39 of 1st period - Stopped by Daniel Altshuller with a rebound.
12:41 of 1st period - Wrist shot by Joey Laleggia.
12:41 of 1st period - Shot Misses the Net.
12:45 of 1st period - Slapshot by Nicolas Aube-Kubel.
12:45 of 1st period - Shot Misses the Net.
12:47 of 1st period - Snap shot by Nicolas Aube-Kubel.
12:47 of 1st period - Shot Blocked by Anton Blidh.
12:49 of 1st period - Slapshot by Nicolas Aube-Kubel.
12:49 of 1st period - Shot Misses the Net.
14:43 of 1st period - Joshua Leivo is hit by Carter Ashton and loses puck.
15:18 of 1st period - Zach Stepan is hit by Phillip Danault and loses puck.
15:35 of 1st period - Sam Carrick is hit by Austen Brassard and loses puck.
16:34 of 1st period - Michael Prapavessis is hit by Kevin Roy and loses puck.
17:21 of 1st period - Slapshot by Mikko Vainonen.
17:21 of 1st period - Stopped by Daniel Altshuller with a rebound.
17:23 of 1st period - Slapshot by Mikko Vainonen.
17:23 of 1st period - Stopped by Daniel Altshuller without a rebound.
17:24 of 1st period - Sam Carrick wins face-off versus Carson Meyer in Punishers zone.
17:25 of 1st period - Wrist shot by Max Friberg.
17:25 of 1st period - Stopped by Daniel Altshuller without a rebound.
17:26 of 1st period - Carson Meyer wins face-off versus Sam Carrick in Punishers zone.
17:33 of 1st period - Backhand shot by Artem Zub.
17:33 of 1st period - Shot Misses the Net.
19:43 of 1st period - Snap shot by Noah Juulsen.
19:43 of 1st period - Stopped by Jake Allen with a rebound.
19:45 of 1st period - Snap shot by Artem Zub.
19:45 of 1st period - Deflect By Oskar Lindblom.
19:45 of 1st period - Stopped by Jake Allen with a rebound.
19:58 of 1st period - Slapshot by Joey Laleggia.
19:58 of 1st period - Shot Misses the Net.
Goals for this period are 0 for Bears vs 5 for Punishers.
Shots for this period are 10 for Bears vs 13 for Punishers.
2nd period
0:01 of 2nd period - Radek Faksa wins face-off versus Max Friberg in neutral zone.
0:10 of 2nd period - Snap shot by Max Friberg.
0:10 of 2nd period - Stopped by Daniel Altshuller without a rebound.
0:11 of 2nd period - Radek Faksa wins face-off versus Sam Carrick in Punishers zone.
0:13 of 2nd period - Minor Penalty to Phillip Danault for Unsportsmanlike conduct.
0:14 of 2nd period - Sam Carrick wins face-off versus Corey Tropp in Punishers zone.
0:59 of 2nd period - Wrist shot by Kerby Rychel.
0:59 of 2nd period - Stopped by Daniel Altshuller with a rebound.
1:33 of 2nd period - Tommy Vannelli is hit by Artem Zub and loses puck.
1:58 of 2nd period - Kerby Rychel is hit by Fredrik Claesson and loses puck.
2:13 of 2nd period - Penalty to Phillip Danault is over, Phillip Danault is back on ice.
2:31 of 2nd period - Wrist shot by Oskar Lindblom.
2:31 of 2nd period - Deflect By Daniel Audette.
2:31 of 2nd period - Stopped by Jake Allen with a rebound.
2:33 of 2nd period - Snap shot by Oskar Lindblom.
2:33 of 2nd period - Stopped by Jake Allen without a rebound.
2:34 of 2nd period - Kevin Roy wins face-off versus Vincent Dunn in Bears zone.
2:35 of 2nd period - Wrist shot by Carter Ashton.
2:35 of 2nd period - Stopped by Jake Allen without a rebound.
2:36 of 2nd period - Kevin Roy wins face-off versus Vincent Dunn in Bears zone.
3:01 of 2nd period - John Hayden is hit by Zach Stepan.
3:05 of 2nd period - Wrist shot by Corey Tropp.
3:05 of 2nd period - Stopped by Jake Allen with a rebound.
3:07 of 2nd period - Slapshot by Artem Zub.
3:07 of 2nd period - Stopped by Jake Allen with a rebound.
3:09 of 2nd period - Slapshot by Noah Juulsen.
3:09 of 2nd period - Shot Blocked by A.J. Jenks.
3:11 of 2nd period - Slapshot by Noah Juulsen.
3:11 of 2nd period - Deflect By Corey Tropp.
3:11 of 2nd period - Stopped by Jake Allen without a rebound.
3:12 of 2nd period - Sam Carrick wins face-off versus Kevin Roy in Bears zone.
3:19 of 2nd period - Snap shot by Max Friberg.
3:19 of 2nd period - Stopped by Daniel Altshuller without a rebound.
3:20 of 2nd period - Sam Carrick wins face-off versus Kevin Roy in Punishers zone.
3:28 of 2nd period - Minor Penalty to Derek Forbort for Hooking.
3:29 of 2nd period - Max Friberg wins face-off versus Radek Faksa in Bears zone.
3:29 of 2nd period - Max Friberg is hit by Phillip Danault.
4:52 of 2nd period - Artem Zub is hit by Angelo Esposito and loses puck.
5:28 of 2nd period - Penalty to Derek Forbort is over, Derek Forbort is back on ice.
5:41 of 2nd period - Wrist shot by A.J. Jenks.
5:41 of 2nd period - Stopped by Daniel Altshuller with a rebound.
5:43 of 2nd period - Slapshot by Gianluca Curcuruto.
5:43 of 2nd period - Shot Blocked by Austen Brassard.
5:45 of 2nd period - Wrist shot by Derek Forbort.
5:45 of 2nd period - Shot Blocked by Daniel Audette.
5:47 of 2nd period - Slapshot by Derek Forbort.
5:47 of 2nd period - Stopped by Daniel Altshuller with a rebound.
5:49 of 2nd period - Snap shot by Derek Forbort.
5:49 of 2nd period - Shot Misses the Net.
5:51 of 2nd period - Wrist shot by Derek Forbort.
5:51 of 2nd period - Shot Misses the Net.
5:53 of 2nd period - Backhand shot by Michael Prapavessis.
5:53 of 2nd period - Stopped by Daniel Altshuller without a rebound.
5:54 of 2nd period - Angelo Esposito wins face-off versus John Hayden in Punishers zone.
6:21 of 2nd period - Fredrik Claesson is hit by Mike Hoffman and loses puck.
6:58 of 2nd period - Kerby Rychel is hit by Radek Faksa and loses puck.
7:29 of 2nd period - Snap shot by Derek Forbort.
7:29 of 2nd period - Stopped by Daniel Altshuller with a rebound.
7:34 of 2nd period - Minor Penalty to Austen Brassard for Delaying the game.
7:35 of 2nd period - Corey Tropp wins face-off versus Zach Stepan in Punishers zone.
7:35 of 2nd period - Corey Tropp is hit by Joshua Leivo.
7:48 of 2nd period - Snap shot by Corey Tropp.
7:48 of 2nd period - Stopped by Jake Allen with a rebound.
8:06 of 2nd period - Corey Tropp is hit by Max Friberg and loses puck.
9:34 of 2nd period - Penalty to Austen Brassard is over, Austen Brassard is back on ice.
9:45 of 2nd period - Snap shot by Austin Wuthrich.
9:45 of 2nd period - Goal by Austin Wuthrich - Bears : 1 - Punishers : 5.
9:46 of 2nd period - Kevin Roy wins face-off versus Angelo Esposito in neutral zone.
10:30 of 2nd period - Snap shot by Corey Tropp.
10:30 of 2nd period - Shot Blocked by Kerby Rychel.
10:33 of 2nd period - Icing by Max Friberg.
10:34 of 2nd period - Radek Faksa wins face-off versus Sam Carrick in Bears zone.
10:35 of 2nd period - Snap shot by Corey Tropp.
10:35 of 2nd period - Deflect By Phillip Danault.
10:35 of 2nd period - Shot Misses the Net.
10:35 of 2nd period - Puck is out of play.
10:36 of 2nd period - Radek Faksa wins face-off versus Sam Carrick in Bears zone.
10:39 of 2nd period - Slapshot by Radek Faksa.
10:39 of 2nd period - Shot Blocked by Derek Forbort.
10:51 of 2nd period - Wrist shot by Max Friberg.
10:51 of 2nd period - Shot Blocked by Fredrik Claesson.
11:07 of 2nd period - Wrist shot by Joshua Leivo.
11:07 of 2nd period - Stopped by Daniel Altshuller without a rebound.
11:08 of 2nd period - Kevin Roy wins face-off versus Sam Carrick in Punishers zone.
11:44 of 2nd period - Wrist shot by Jamie McGinn.
11:44 of 2nd period - Stopped by Daniel Altshuller with a rebound.
12:08 of 2nd period - Snap shot by Zach Stepan.
12:08 of 2nd period - Shot Blocked by Fredrik Claesson.
12:28 of 2nd period - Wrist shot by Austen Brassard.
12:28 of 2nd period - Stopped by Jake Allen with a rebound.
12:30 of 2nd period - Slapshot by Daniel Audette.
12:30 of 2nd period - Shot Misses the Net.
13:10 of 2nd period - Slapshot by Sam Carrick.
13:10 of 2nd period - Stopped by Daniel Altshuller with a rebound.
13:12 of 2nd period - Snap shot by Gianluca Curcuruto.
13:12 of 2nd period - Stopped by Daniel Altshuller without a rebound.
13:13 of 2nd period - Sam Carrick wins face-off versus Radek Faksa in Punishers zone.
13:14 of 2nd period - Snap shot by Max Friberg.
13:14 of 2nd period - Deflect By Sam Carrick.
13:14 of 2nd period - Shot Misses the Net.
13:14 of 2nd period - Puck is out of play.
13:15 of 2nd period - Radek Faksa wins face-off versus Sam Carrick in Punishers zone.
13:40 of 2nd period - A.J. Jenks is hit by Noah Juulsen and loses puck.
14:09 of 2nd period - Wrist shot by Jamie McGinn.
14:09 of 2nd period - Stopped by Daniel Altshuller without a rebound.
14:10 of 2nd period - Radek Faksa wins face-off versus Sam Carrick in Punishers zone.
14:20 of 2nd period - Wrist shot by Max Friberg.
14:20 of 2nd period - Shot Blocked by Noah Juulsen.
14:22 of 2nd period - Slapshot by Derek Forbort.
14:22 of 2nd period - Stopped by Daniel Altshuller with a rebound.
14:24 of 2nd period - Snap shot by Derek Forbort.
14:24 of 2nd period - Stopped by Daniel Altshuller without a rebound.
14:25 of 2nd period - Kevin Roy wins face-off versus Zach Stepan in Punishers zone.
14:25 of 2nd period - Kevin Roy is hit by Joshua Leivo.
14:41 of 2nd period - Snap shot by A.J. Jenks.
14:41 of 2nd period - Stopped by Daniel Altshuller with a rebound.
15:09 of 2nd period - Off-side.
15:10 of 2nd period - Angelo Esposito wins face-off versus Daniel Audette in neutral zone.
15:10 of 2nd period - Angelo Esposito is hit by Niko Mikkola.
15:22 of 2nd period - Off-side.
15:23 of 2nd period - Radek Faksa wins face-off versus Sam Carrick in neutral zone.
15:48 of 2nd period - Fredrik Claesson is hit by Derek Forbort and loses puck.
16:33 of 2nd period - Wrist shot by Carter Ashton.
16:33 of 2nd period - Shot Misses the Net.
16:40 of 2nd period - Minor Penalty to Zach Stepan for Hooking.
16:41 of 2nd period - Kevin Roy wins face-off versus Max Friberg in Bears zone.
16:51 of 2nd period - Wrist shot by Carter Ashton.
16:51 of 2nd period - Shot Misses the Net.
18:40 of 2nd period - Penalty to Zach Stepan is over, Zach Stepan is back on ice.
19:13 of 2nd period - Wrist shot by Nicolas Aube-Kubel.
19:13 of 2nd period - Stopped by Daniel Altshuller with a rebound.
19:15 of 2nd period - Snap shot by Angelo Esposito.
19:15 of 2nd period - Shot Misses the Net.
19:17 of 2nd period - Wrist shot by Mikko Vainonen.
19:17 of 2nd period - Shot Misses the Net.
19:19 of 2nd period - Slapshot by Mikko Vainonen.
19:19 of 2nd period - Stopped by Daniel Altshuller with a rebound.
19:21 of 2nd period - Snap shot by Tommy Vannelli.
19:21 of 2nd period - Stopped by Daniel Altshuller without a rebound.
19:22 of 2nd period - Angelo Esposito wins face-off versus John Hayden in Punishers zone.
19:23 of 2nd period - Snap shot by Nicolas Aube-Kubel.
19:23 of 2nd period - Stopped by Daniel Altshuller without a rebound.
19:24 of 2nd period - Jamie McGinn wins face-off versus John Hayden in Punishers zone.
19:25 of 2nd period - Wrist shot by Nicolas Aube-Kubel.
19:25 of 2nd period - Shot Blocked by Fredrik Claesson.
19:56 of 2nd period - Max Friberg is hit by Phillip Danault and loses puck.
Goals for this period are 1 for Bears vs 0 for Punishers.
Shots for this period are 20 for Bears vs 8 for Punishers.
3rd period
0:01 of 3rd period - Sam Carrick wins face-off versus Radek Faksa in neutral zone.
0:12 of 3rd period - Wrist shot by Corey Tropp.
0:12 of 3rd period - Deflect By Phillip Danault.
0:12 of 3rd period - Goal by Phillip Danault - Bears : 1 - Punishers : 6.
0:13 of 3rd period - Radek Faksa wins face-off versus Sam Carrick in neutral zone.
0:22 of 3rd period - Wrist shot by Phillip Danault.
0:22 of 3rd period - Stopped by Jake Allen with a rebound.
1:10 of 3rd period - Backhand shot by Austin Wuthrich.
1:10 of 3rd period - Stopped by Daniel Altshuller with a rebound.
1:39 of 3rd period - Minor Penalty to Anton Blidh for Tripping.
1:40 of 3rd period - Corey Tropp wins face-off versus Sam Carrick in Punishers zone.
3:37 of 3rd period - Derek Forbort is hit by Artem Zub and loses puck.
3:39 of 3rd period - Penalty to Anton Blidh is over, Anton Blidh is back on ice.
3:58 of 3rd period - Slapshot by Noah Juulsen.
3:58 of 3rd period - Shot Misses the Net.
4:23 of 3rd period - Snap shot by Carter Ashton.
4:23 of 3rd period - Shot Blocked by Austin Wuthrich.
4:25 of 3rd period - Snap shot by Kevin Roy.
4:25 of 3rd period - Shot Misses the Net.
4:27 of 3rd period - Wrist shot by Kevin Roy.
4:27 of 3rd period - Stopped by Jake Allen without a rebound.
4:28 of 3rd period - Vincent Dunn wins face-off versus Kevin Roy in Bears zone.
5:56 of 3rd period - Snap shot by Corey Tropp.
5:56 of 3rd period - Shot Misses the Net.
6:08 of 3rd period - Wrist shot by Mike Hoffman.
6:08 of 3rd period - Stopped by Daniel Altshuller without a rebound.
6:09 of 3rd period - Kevin Roy wins face-off versus Vincent Dunn in Punishers zone.
6:20 of 3rd period - Snap shot by Mike Hoffman.
6:20 of 3rd period - Deflect By Austin Wuthrich.
6:20 of 3rd period - Shot Blocked by Noah Juulsen.
6:20 of 3rd period - Puck is out of play.
6:21 of 3rd period - Sam Carrick wins face-off versus Radek Faksa in Punishers zone.
6:30 of 3rd period - Kerby Rychel is hit by Radek Faksa and loses puck.
6:55 of 3rd period - Snap shot by Anton Blidh.
6:55 of 3rd period - Stopped by Jake Allen with a rebound.
8:35 of 3rd period - Wrist shot by Mike Hoffman.
8:35 of 3rd period - Shot Misses the Net.
9:12 of 3rd period - Off-side.
9:13 of 3rd period - Kevin Roy wins face-off versus Sam Carrick in neutral zone.
9:16 of 3rd period - Slapshot by Noah Juulsen.
9:16 of 3rd period - Stopped by Jake Allen with a rebound.
9:18 of 3rd period - Snap shot by Carter Ashton.
9:18 of 3rd period - Stopped by Jake Allen without a rebound.
9:19 of 3rd period - Kevin Roy wins face-off versus Sam Carrick in Bears zone.
9:55 of 3rd period - Radek Faksa is hit by Joshua Leivo and loses puck.
10:14 of 3rd period - Snap shot by Oskar Lindblom.
10:14 of 3rd period - Shot Misses the Net.
10:16 of 3rd period - Slapshot by Artem Zub.
10:16 of 3rd period - Stopped by Jake Allen without a rebound.
10:17 of 3rd period - Kevin Roy wins face-off versus Sam Carrick in Bears zone.
10:44 of 3rd period - Wrist shot by Jamie McGinn.
10:44 of 3rd period - Shot Blocked by Carter Ashton.
10:46 of 3rd period - Slapshot by Jamie McGinn.
10:46 of 3rd period - Stopped by Daniel Altshuller without a rebound.
10:47 of 3rd period - Radek Faksa wins face-off versus Angelo Esposito in Punishers zone.
10:52 of 3rd period - Slapshot by Angelo Esposito.
10:52 of 3rd period - Shot Misses the Net.
10:54 of 3rd period - Snap shot by Nicolas Aube-Kubel.
10:54 of 3rd period - Stopped by Daniel Altshuller with a rebound.
10:56 of 3rd period - Snap shot by Angelo Esposito.
10:56 of 3rd period - Stopped by Daniel Altshuller without a rebound.
10:57 of 3rd period - Sam Carrick wins face-off versus Radek Faksa in Punishers zone.
10:58 of 3rd period - Snap shot by Kerby Rychel.
10:58 of 3rd period - Stopped by Daniel Altshuller without a rebound.
10:59 of 3rd period - Sam Carrick wins face-off versus Radek Faksa in Punishers zone.
11:32 of 3rd period - Snap shot by Zach Stepan.
11:32 of 3rd period - Stopped by Daniel Altshuller with a rebound.
11:38 of 3rd period - A.J. Jenks is hit by Noah Juulsen and loses puck.
12:37 of 3rd period - Snap shot by Corey Tropp.
12:37 of 3rd period - Deflect By Radek Faksa.
12:37 of 3rd period - Shot Misses the Net.
12:37 of 3rd period - Puck is out of play.
12:38 of 3rd period - Max Friberg wins face-off versus Radek Faksa in Bears zone.
12:38 of 3rd period - Max Friberg is hit by Radek Faksa.
12:59 of 3rd period - Minor Penalty to Radek Faksa for Hooking.
13:00 of 3rd period - Corey Tropp wins face-off versus Sam Carrick in Punishers zone.
13:27 of 3rd period - Corey Tropp is hit by A.J. Jenks and loses puck.
14:20 of 3rd period - Niko Mikkola is hit by Derek Forbort and loses puck.
14:33 of 3rd period - Niko Mikkola is hit by Zach Stepan and loses puck.
14:54 of 3rd period - Oskar Lindblom is hit by Max Friberg and loses puck.
14:59 of 3rd period - Penalty to Radek Faksa is over, Radek Faksa is back on ice.
15:09 of 3rd period - Snap shot by John Hayden.
15:09 of 3rd period - Stopped by Jake Allen with a rebound.
15:11 of 3rd period - Slapshot by Noah Juulsen.
15:11 of 3rd period - Deflect By Tanner Jeannot.
15:11 of 3rd period - Shot Misses the Net.
15:11 of 3rd period - Puck is out of play.
15:12 of 3rd period - Carson Meyer wins face-off versus Angelo Esposito in Bears zone.
15:35 of 3rd period - Vincent Dunn is hit by Tanner Jeannot and loses puck.
15:54 of 3rd period - Snap shot by Kole Lind.
15:54 of 3rd period - Shot Misses the Net.
15:56 of 3rd period - Snap shot by Kole Lind.
15:56 of 3rd period - Deflect By Tanner Jeannot.
15:56 of 3rd period - Goal by Tanner Jeannot - Bears : 1 - Punishers : 7.
15:57 of 3rd period - Sam Carrick wins face-off versus Radek Faksa in neutral zone.
16:32 of 3rd period - Snap shot by Carter Ashton.
16:32 of 3rd period - Stopped by Jake Allen without a rebound.
16:33 of 3rd period - Radek Faksa wins face-off versus Joshua Leivo in Bears zone.
16:34 of 3rd period - Snap shot by Phillip Danault.
16:34 of 3rd period - Shot Hit the Post.
16:36 of 3rd period - Slapshot by Niko Mikkola.
16:36 of 3rd period - Shot Misses the Net.
16:38 of 3rd period - Snap shot by Corey Tropp.
16:38 of 3rd period - Stopped by Jake Allen without a rebound.
16:39 of 3rd period - Radek Faksa wins face-off versus Zach Stepan in Bears zone.
17:12 of 3rd period - Wrist shot by Max Friberg.
17:12 of 3rd period - Stopped by Daniel Altshuller with a rebound.
17:14 of 3rd period - Snap shot by Max Friberg.
17:14 of 3rd period - Stopped by Daniel Altshuller without a rebound.
17:15 of 3rd period - Corey Tropp wins face-off versus Zach Stepan in Punishers zone.
17:22 of 3rd period - Slapshot by Corey Tropp.
17:22 of 3rd period - Stopped by Jake Allen with a rebound.
17:24 of 3rd period - Slapshot by Niko Mikkola.
17:24 of 3rd period - Shot Blocked by Derek Forbort.
17:28 of 3rd period - Snap shot by Radek Faksa.
17:28 of 3rd period - Shot Blocked by Zach Stepan.
17:45 of 3rd period - Kevin Roy is hit by Kerby Rychel and loses puck.
Goals for this period are 0 for Bears vs 2 for Punishers.
Shots for this period are 9 for Bears vs 12 for Punishers.